 Dungeon Crawl Stone Soup version 0.27.0-1-g7a089689b8 (webtiles) character file.

Game seed: 2411859738521622375

4235 MajorAdolf the Cleaver (level 10, -5/91 HPs)
             Began as a Naga Wanderer on Aug 10, 2021.
             Was a Believer of Cheibriados.
             Slain by a yak (10 damage)
             ... on level 7 of the Dungeon on Aug 11, 2021.
             The game lasted 00:28:09 (14131 turns).

MajorAdolf the Cleaver (Naga Wanderer)             Turns: 14131, Time: 00:28:09

Health: -5/91      AC: 12    Str: 19    XL:     10   Next: 30%
Magic:  10/10      EV: 10    Int: 19    God:    Cheibriados [**....]
Gold:   422        SH: 10    Dex: 13    Spells: 9/9 levels left

rFire    . . .     SeeInvis +   I - +1 war axe
rCold    + . .     Faith    .   b - +0 kite shield
rNeg     . . .     Spirit   .   A - +2 robe {rC+}
rPois    +         Reflect  .   g - +0 helmet
rElec    .         Harm     .   (no cloak)
rCorr    .         Rampage  .   p - +2 pair of gloves
Will     +....                  (no barding)
Stlth    +++.......             (no amulet)
HPRegen  0.25/turn              (no ring)
MPRegen  0.12/turn              (no ring)

@: very slightly contaminated, invisible, very slow
A: AC +3, large, see invisible, deformed body, poison resistance, slowness 2,
spit poison 1, naga tail 1, iridescent scales 1, weak 1
a: Spit Poison, Renounce Religion, Bend Time


You were on level 7 of the Dungeon.
You worshipped Cheibriados.
Cheibriados was pleased with you.
You visited 2 branches of the dungeon, and saw 9 of its levels.
You also visited: Ossuary.

You collected 422 gold pieces.

Inventory:

Hand Weapons
 I - a +1 war axe (weapon)
Missiles
 a - 45 arrows
Armour
 b - a +0 kite shield (worn)
 g - a +0 helmet (worn)
 p - a +2 pair of gloves (worn)
 w - a +2 chain mail of willpower
 A - a +2 robe of cold resistance (worn)
Jewellery
 f - an amulet of magic regeneration
 i - a +4 ring of evasion
 v - a ring of resist corrosion
Wands
 m - a wand of flame (26)
 x - a wand of digging (3)
Scrolls
 n - a scroll of fog
 r - 3 scrolls of identify
 s - 2 scrolls of noise
 F - a scroll of enchant weapon
Potions
 c - a potion of curing
 e - a potion of flight
 h - 2 potions of attraction {unknown}
 k - 2 potions of berserk rage {unknown}
 l - 3 potions of brilliance {unknown}
 o - 2 potions of haste {unknown}
 q - 2 potions of might {unknown}
 C - 2 potions of ambrosia {unknown}
 D - a potion of mutation
 E - a potion of lignification {unknown}


   Skills:
 - Level 5.7 Fighting
 * Level 8.0 Axes
 - Level 2.6 Crossbows
 - Level 2.7 Armour
 + Level 4.6 Dodging
 + Level 5.5 Stealth
 + Level 4.8 Shields
 - Level 2.0 Conjurations
 - Level 1.0 Transmutations
 + Level 5.1 Evocations


You had 9 spell levels left.
You didn't know any spells.
Your spell library contained the following spells:

 Spells                   Type           Power      Damage    Failure   Level
 Corona                   Hex            0%         N/A       45%         1
 Ensorcelled Hibernation  Hex/Ice        0%         N/A       58%         2
 Tukima's Dance           Hex            0%         N/A       83%         3
 Animate Dead             Necr           0%         N/A       99%         4
 Borgnjor's Vile Clutch   Necr/Erth      0%         N/A       100%        5
 Death Channel            Necr           0%         N/A       100%        6


Dungeon Overview and Level Annotations

Branches:
Dungeon (8/15)             Temple (1/1) D:4         Ossuary (visited)
   Lair: D:8-11

Altars:
Cheibriados
Dithmenos
Elyvilon
Gozag
Hepliaklqana
Nemelex Xobeh
Okawaru
Qazlal
Ru
Trog
Uskayaw
Yredelemnul
Zin
The Shining One

Shops:
D:1 ?

Annotations:
D:4 exclusion: downstairs
D:7 1 runed translucent door, wakim's ghost, novice TrFi


Innate Abilities, Weirdness & Mutations

Your serpentine skin is tough. (AC +3)
You have supernaturally acute eyesight. (SInv)
Armour fits poorly on your strangely shaped body.
Your system is resistant to poisons. (rPois)
You cover ground very slowly.
You can spit poison.
You have a snake-like lower body.
You are partially covered in iridescent scales. (AC +2)
You are weak. (Str -2)


Message History

You strike the helpless yak from behind!
You hit the yak but do no damage. You barely miss the yak.
You block the yak's attack.
You closely miss the yak.
The yak is moderately wounded.
The yak gores you but does no damage. The yak barely misses you.
You barely miss the yak.
The yak is moderately wounded.
You barely miss the yak. The yak barely misses you. You block the yak's attack.
The yak gores you but does no damage.
Your shield prevents you from hitting the yak.
The yak is moderately wounded.
You hit the yak. You block the yak's attack.
The yak gores you but does no damage.
You hit the yak but do no damage.
The yak is moderately wounded.
You slash the yak! You block the yak's attack. The yak barely misses you.
The yak gores you but does no damage. The yak gores you!
* * * LOW HITPOINT WARNING * * *
There is a stone staircase leading down, spattered with blood here.
You slash the yak!
The yak is heavily wounded.
You hit the yak. The yak barely misses you. The yak closely misses you.
The yak barely misses you.
Unknown command.
You strike the helpless yak from behind!
You hit the yak.
The yak is severely wounded.
You hit the yak. The yak closely misses you. You block the yak's attack.
You hit the yak.
The yak is severely wounded.
You catch the helpless yak completely off-guard!
You hit the yak but do no damage.
The yak gores you but does no damage. x2
The yak barely misses you.
Unknown command.
You barely miss the yak.
The yak is severely wounded.
You slash the yak! The yak gores you!
You die...

# #####.....###.# #.# #
#########.##.....# #.#
#...).....##.###.# #.#
#.##########.##########.##
#.#......................#
#>#.########.##############
# #.#.# #.# #.......# #
#.#.# #.######.##.#### #
#...# #.Y@Y....##.#
########################.#
.........>...........###.#
###.################.....#
#.# #####.# ### ###


You could see 2 yaks.

Vanquished Creatures
  Pikel (D:5)
  A manticore (D:7)
  Joseph (D:7)
  A wyvern (D:7)
  A wraith (D:7)
  A yak (D:8)
  Eustachio (D:3)
  3 vampire mosquitoes (D:6)
  A water moccasin (D:5)
  A hornet zombie (D:6)
  An orc warrior (D:6)
  A sky beast (D:6)
  4 ogres
  A necrophage (D:5)
  3 centaurs
  An elf zombie (Ossuary)
  A bullfrog (D:6)
  A scorpion (D:5)
  2 water moccasin skeletons
  2 howler monkeys (D:7)
  2 bullfrog zombies (D:5)
  A centaur zombie (Ossuary)
  2 hounds
  4 human zombies (Ossuary)
  2 gnoll shamans
  An orc priest (D:4)
  An orc wizard (D:4)
  A mummy (Ossuary)
  9 gnolls
  4 adders
  2 white imps (D:6)
  An ufetubus (D:2)
  2 adder zombies (Ossuary)
  2 worms (D:3)
  2 dart slugs
  18 orcs
  5 bats
  3 endoplasms
  8 giant cockroaches
  6 goblins
  8 hobgoblins
  3 jackals (D:3)
  7 quokkas
  4 ball pythons
  5 frilled lizards
  2 goblin zombies (Ossuary)
  6 hobgoblin zombies (Ossuary)
  5 kobolds
  12 kobold zombies (Ossuary)
  9 orc zombies (Ossuary)
  8 rats
174 creatures vanquished.

Vanquished Creatures (others)
  3 plants (Temple)
3 creatures vanquished.

Grand Total: 177 creatures vanquished

Notes
Turn   | Place    | Note
-------+----------+-------------------------------------------
     0 | D:1      | MajorAdolf the Naga Wanderer began the quest for the Orb.
     0 | D:1      | MajorAdolf set off with the following items: a +2 hand
                  | crossbow, 26 bolts, a +0 shortbow, 24 arrows, a scroll of
                  | teleportation, a +0 robe
     0 | D:1      | Reached XP level 1. HP: 19/19 MP: 1/1
    77 | D:1      | Found Amiuqi's Magic Scroll Shop.
    91 | D:1      | Reached XP level 2. HP: 27/27 MP: 2/2
   266 | D:1      | Found a faded altar of an unknown god.
   620 | D:1      | Reached XP level 3. HP: 34/34 MP: 3/3
   933 | D:2      | Found an opulent altar of Gozag.
  1576 | D:2      | Reached XP level 4. HP: 44/44 MP: 4/4
  2062 | D:3      | Found a glowing silver altar of Zin.
  2074 | D:3      | Found a white marble altar of Elyvilon.
  2240 | D:3      | Noticed an ogre
  2244 | D:3      | Killed an ogre
  2245 | D:3      | Reached skill level 5 in Fighting
  2245 | D:3      | Reached XP level 5. HP: 55/55 MP: 5/5
  2464 | D:4      | Reached XP level 6. HP: 53/62 MP: 6/6
  2611 | D:4      | Found a staircase to the Ecumenical Temple.
  2717 | D:4      | Reached skill level 1 in Axes
  2748 | D:4      | Found a sand-covered staircase.
  2753 | Ossuary  | Entered an ossuary
  3216 | Ossuary  | Gained mutation: You are weak. (Str -2) [potion of
                  | mutation]
  3216 | Ossuary  | Gained mutation: You are partially covered in iridescent
                  | scales. (AC +2) [potion of mutation]
  3361 | Ossuary  | Reached skill level 1 in Armour
  3393 | Ossuary  | Reached skill level 1 in Dodging
  3550 | Ossuary  | Reached skill level 2 in Axes
  3599 | Ossuary  | Reached XP level 7. HP: 10/68 MP: 7/7
  4277 | Temple   | Entered the Ecumenical Temple
  4289 | Temple   | HP: 3/68 [gnoll shaman (9)]
  4782 | Temple   | Became a worshipper of Cheibriados the Contemplative
  4826 | D:4      | Reached skill level 3 in Axes
  5368 | D:4      | Found a hide-covered altar of Uskayaw.
  5655 | D:4      | Noticed Eustachio
  6966 | D:5      | Entered Level 5 of the Dungeon
  6966 | D:5      | Noticed Pikel
  7510 | D:5      | Reached skill level 1 in Evocations
  7571 | D:5      | Killed Pikel
  7572 | D:5      | Reached skill level 4 in Axes
  7572 | D:5      | Reached XP level 8. HP: 57/76 MP: 8/8
  7932 | D:5      | Reached skill level 5 in Axes
  8334 | D:5      | Reached * piety under Cheibriados
  8656 | D:5      | Found a stormy altar of Qazlal.
  9084 | D:6      | Reached XP level 9. HP: 69/82 MP: 9/9
  9686 | D:6      | Reached skill level 6 in Axes
 10658 | D:7      | Found a runed translucent door.
 10659 | D:7      | Noticed wakim's ghost (novice TrFi)
 10929 | D:7      | Noticed a manticore
 11489 | D:3      | Killed Eustachio
 11672 | D:7      | Reached ** piety under Cheibriados
 11903 | D:7      | Killed a manticore
 11904 | D:7      | Reached skill level 7 in Axes
 11924 | D:7      | Reached XP level 10. HP: 17/91 MP: 10/10
 12813 | D:6      | Reached skill level 5 in Stealth
 13136 | D:7      | Noticed Joseph
 13250 | D:7      | Killed Joseph
 13251 | D:7      | Reached skill level 5 in Evocations
 14104 | D:8      | Reached skill level 8 in Axes
 14127 | D:7      | HP: 3/91 [yak (9)]
 14131 | D:7      | Slain by a yak

Illustrated notes

Levels and vault maps discovered:
D:1:      dpeg_arrival_simpleton_b, layout_basic, serial_shops,
          nicolae_diamond_shop, basic_ecumenical_altar
D:2:      layout_basic, basic_altar, supply_closet_lemuel, lemuel_old_faithful
D:3:      layout_rooms, mainiacjoe_overflow_swirl, minmay_misc_feat_enclosed
D:4:      layout_cave_pods, nicolae_uskayaw_murder_on_the_dancefloor,
          minmay_temple_entry_antechambers, enter_ossuary_5, uniq_eustachio
D:5:      lemuel_ice_spiral_2, layout_rooms, grunt_qazlal_clouds,
          serial_park_tiny_2, water_boxes_lemuel, uniq_pikel
D:6:      layout_loops_ring
D:7:      layout_basic, ebering_ghost_reflecting_pool, uniq_joseph
D:8:      layout_basic, gammafunk_ghost_icy, uniq_psyche
Temple:   cyrus_temple_forest

Skill      XL: |  1  2  3  4  5  6  7  8  9 10 |
---------------+-------------------------------+-----
Fighting       | 3 4 5 |  5.7
Axes           | 2 4 5 7 8 |  8.0
Armour         | 1 2 |  2.7
Dodging        | 1 2 3 4 |  4.6
Shields        | 2 3 4 |  4.8
Evocations     | 2 3 4 5 |  5.1
Stealth        | 4 5 |  5.5
Crossbows      | |  2.6
Conjurations   | |  2.0
Transmutations | |  1.0

Action                   |  1- 3 |  4- 6 |  7- 9 | 10-12 || total
-------------------------+-------+-------+-------+-------++-------
Melee: Hand axe          |       |   271 |   376 |       ||   647
       War axe           |       |       |    88 |    96 ||   184
 Fire: Hand crossbow     |    90 |    54 |       |       ||   144
 Abil: Spit Poison       |       |     5 |    31 |     1 ||    37
Evoke: Wand              |       |       |    13 |     4 ||    17
  Use: Scroll            |       |     5 |     6 |     3 ||    14
       Potion            |       |     3 |       |     2 ||     5
 Stab: Sleeping          |       |       |     1 |       ||     1
       Invisible         |       |       |       |     4 ||     4
Armor: Scale mail        |    32 |   260 |     7 |       ||   299
       Chain mail        |       |       |   163 |       ||   163
       Robe              |       |       |   160 |    52 ||   212
Dodge: Dodged            |    23 |    82 |   139 |    59 ||   303
Block: Kite shield       |       |   155 |   281 |    81 ||   517
